 Dungeon Crawl Stone Soup version 0.29.1-15-g9cfb28693d (webtiles) character file.

Game seed: 17753019290301688939

139 Gabide the Trooper (level 5, 0/57 HPs)
             Began as an Ogre Monk on Apr 26, 2023.
             Killed from afar by an orc wizard (4 damage)
             ... with a puff of flame
             ... on level 3 of the Dungeon.
             The game lasted 00:02:54 (3624 turns).

Gabide the Trooper (Ogre Monk)                      Turns: 3624, Time: 00:02:55

Health: 0/57       AC:  3    Str: 17    XL:     5   Next: 22%
Magic:  5/5        EV: 10    Int: 11    God:
Gold:   144        SH:  0    Dex: 11    Spells: 4/4 levels left

rFire   . . .      SeeInvis .   a - +0 hand axe
rCold   . . .      Faith    .   (no shield)
rNeg    . . .      Spirit   .   b - +0 robe
rPois   .          Reflect  .   (helmet restricted)
rElec   .          Harm     .   (no cloak)
rCorr   .          Rampage  .   (gloves unavailable)
Will    .....                   (boots unavailable)
Stlth   ++........              (no amulet)
HPRegen 0.19/turn               (no ring)
MPRegen 0.09/turn               (no ring)

@: attractive
A: large, unfitting armour, tough skin 1
a: no special abilities


You were on level 3 of the Dungeon.
You visited 1 branch of the dungeon, and saw 3 of its levels.

You collected 200 gold pieces.
You spent 56 gold pieces at shops.

Inventory:

Hand Weapons
 a - a +0 hand axe (weapon)
Armour
 b - a +0 robe (worn)
Wands
 q - a wand of roots (9)
Scrolls
 c - 3 scrolls of blinking {unknown}
 g - a scroll of fear {unknown}
 h - a scroll of magic mapping {unknown}
 k - a scroll of vulnerability {unknown}
 l - a scroll of teleportation {unknown}
Potions
 d - a potion of might {unknown}
 e - a potion of attraction
 f - a potion of cancellation {unknown}
 j - a potion of curing
 m - a potion of invisibility {unknown}
 n - a potion of haste {unknown}
 o - a potion of berserk rage {unknown}
 r - a potion of flight {unknown}


   Skills:
 + Level 5.4 Fighting
 + Level 4.1 Axes
 + Level 3.7 Dodging
 - Level 1.4 Stealth


You had 4 spell levels left.
You didn't know any spells.
Your spell library contained the following spells:

 Spells                   Type           Power      Damage    Failure   Level
 Ozocubu's Armour         Ice            0%         N/A       71%         3
 Corpse Rot               Necr/Pois/Air  0%         N/A       98%         4
 Dispel Undead            Necr           0%         3d6       98%         4
 Death Channel            Necr           0%         N/A       100%        6
 Ozocubu's Refrigeration  Ice            0%         4d7       100%        7


Dungeon Overview and Level Annotations

Branches:
Dungeon (3/15)

Altars:
Makhleb

Shops:
D:1 *


Innate Abilities, Weirdness & Mutations

You are too large for most types of armour.
You have tough skin. (AC +1)


Message History

You feel very sick.
The orc hits you with a +2 dagger of venom.
You are more poisoned.
The orc wizard gestures wildly while chanting.
The orc wizard flickers and vanishes!
You closely miss the orc.
The orc is moderately wounded.
You feel very sick.
The orc hits you with a +2 dagger of venom.
* * * LOW HITPOINT WARNING * * *
You are lethally poisoned!
Unknown command.
It was a potion of attraction.
You feel attractive to monsters.
* * * LOW HITPOINT WARNING * * *
You feel very sick.
The orc hits you with a +2 dagger of venom.
* * * LOW HITPOINT WARNING * * *
You are more poisoned.
It was a potion of curing.
You feel better. The orc barely misses you.
You hear some strange, mumbled words.
A puff of flame appears from out of thin air!
The puff of flame hits you!
* * * LOW HITPOINT WARNING * * *
Something hits you.
* * * LOW HITPOINT WARNING * * *
Unknown command.
Okay, then.
Unknown command.
Unknown command.
As you read the scroll of butterflies, it crumbles to dust.
You hear the tinkle of a tiny bell.
The orc closely misses you. Something hits you but does no damage.
Something hits you.
* * * LOW HITPOINT WARNING * * *
Unknown command.
You swap places.
You hear some strange, mumbled words.
A puff of flame appears from out of thin air!
The puff of flame hits you.
You die...

###..)..†........ #.
###.............# #..
................# #..
#..#............# ..#
##..............> .. ..
....#...........# .# ....
..............b.# ##.#.....
.#...........##.####........
..............#.@bob.(##....
..............b.b{{##.# #
#.............bbbb..b.#
................b#.####
....................##
.................#..(.#
............##....#.#.#
....................#..#
.........................


You could see an orc (ally target).

Vanquished Creatures
  2 adders (D:2)
  3 gnolls
  An ufetubus (D:2)
  2 worms (D:3)
  5 dart slugs
  5 orcs (D:3)
  9 ball pythons
  4 endoplasms
  A giant cockroach (D:2)
  5 goblins
  9 hobgoblins
  4 kobolds
  2 quokkas (D:2)
  4 bats
  4 frilled lizards
  8 rats
68 creatures vanquished.

Notes
Turn   | Place    | Note
-------+----------+-------------------------------------------
     0 | D:1      | Gabide the Ogre Monk began the quest for the Orb.
     0 | D:1      | Reached XP level 1. HP: 24/24 MP: 1/1
   232 | D:1      | Reached XP level 2. HP: 32/32 MP: 2/2
   754 | D:1      | Reached XP level 3. HP: 39/40 MP: 3/3
   988 | D:1      | Found a faded altar of an unknown god.
  1242 | D:1      | Found Ziuniuc's General Store.
  1249 | D:1      | Bought a scroll of butterflies for 56 gold pieces
  1927 | D:2      | Reached XP level 4. HP: 49/49 MP: 4/4
  1927 | D:2      | Found a burning altar of Makhleb.
  2175 | D:2      | Reached skill level 5 in Fighting
  3126 | D:3      | Reached XP level 5. HP: 52/57 MP: 5/5
  3624 | D:3      | Killed from afar by an orc wizard

Illustrated notes

Levels and vault maps discovered:
D:1:      nicolae_arrival_memento_mori, layout_loops_corners,
          shapermc_ecumenical_altar_mp_vishouse, serial_shops, shop
D:2:      layout_rooms, basic_altar, hangedman_abyss_or_decor_lesser_grid
D:3:      layout_rooms

Skill      XL: |  1  2  3  4 |
---------------+-------------+-----
Dodging        | 3 |  3.7
Fighting       | 5 |  5.4
Axes           | 4 |  4.1
Stealth        | |  1.4

Action                   |  1- 3 |  4- 6 || total
-------------------------+-------+-------++-------
Melee: Hand axe          |   123 |    98 ||   221
Throw: Javelin           |       |     4 ||     4
  Use: Potion            |       |     3 ||     3
       Scroll            |       |     1 ||     1
 Stab: Sleeping          |     6 |       ||     6
Armor: Robe              |    35 |    26 ||    61
Dodge: Dodged            |    76 |    61 ||   137
